 Dungeon Crawl Stone Soup version 0.22-a0-305-gd21a89c (webtiles) character file.

28 xccam the Shield-Bearer (level 3, -3/29 HPs)
             Began as a Formicid Fighter on Mar 30, 2018.
             Killed by divine providence
             ... invoked by an orc priest
              (12 damage)
             ... on level 2 of the Dungeon.
             The game lasted 00:01:12 (648 turns).

xccam the Shield-Bearer (Formicid Fighter)           Turns: 648, Time: 00:01:12

Health: -3/29      AC:  8    Str: 21    XL:     3   Next: 27%
Magic:  3/3        EV:  7    Int:  7    God:
Gold:   26         SH:  9    Dex: 10    Spells: 2/2 levels left

rFire    . . .     SeeInvis +   a - +0 long sword
rCold    . . .     Gourm    .   c - +0 shield
rNeg     . . .     Faith    .   b - +0 scale mail
rPois    .         Spirit   .   (helmet unavailable)
rElec    .         Reflect  .   (no cloak)
rCorr    .         Harm     .   (no gloves)
MR       .....                  i - +0 pair of boots
Stlth    ..........             (no amulet)
HPRegen  0.09/turn              (no ring)
MPRegen  0.08/turn              (no ring)

@: no status effects
A: permanent stasis, dig shafts and tunnels, four strong arms, antennae 3
a: Dig, Shaft Self


You were on level 2 of the Dungeon.
You were not hungry.

You visited 1 branch of the dungeon, and saw 2 of its levels.

You collected 26 gold pieces.

Inventory:

Hand Weapons
 a - a +0 long sword (weapon)
Armour
 b - a +0 scale mail (worn)
 c - a +0 shield (worn)
 i - a +0 pair of boots (worn)
Scrolls
 e - a scroll of noise {unknown}
 g - a scroll of fog {unknown}
 l - a scroll of remove curse {unknown}
Potions
 d - a potion of might
 h - a potion of flight {unknown}
 j - a potion of curing {unknown}
 k - a potion of degeneration {unknown}
Comestibles
 f - 3 rations


   Skills:
 - Level 3.2 Fighting
 + Level 3.5 Long Blades
 - Level 3.2 Armour
 - Level 3.6 Shields


You had 2 spell levels left.
You didn't know any spells.

Dungeon Overview and Level Annotations

Branches:
Dungeon (2/15)

Altars:


Innate Abilities, Weirdness & Mutations

You cannot be hasted, slowed, berserked, paralysed or teleported.
You can dig through walls and to a lower floor.
Your four strong arms can wield two-handed weapons with a shield.
You have a pair of large antennae on your head. (SInv)


Message History

The orc priest is severely wounded.
The orc hits you.
The hobgoblin hits you but does no damage.
You block the orc's attack. You block the orc priest's attack.
The hobgoblin hits you but does no damage.
You block the orc's attack.
You hit the orc priest.
The orc priest is almost dead.
The orc priest hits you with a vampiric short sword.
The orc priest draws strength from your wounds!
You block the orc's attack. You block the hobgoblin's attack. The orc hits you.
* * * LOW HITPOINT WARNING * * *
You block the orc priest's attack.
You closely miss the orc priest.
The orc priest is severely wounded.
You block the orc's attack. The orc hits you but does no damage.
The hobgoblin hits you but does no damage.
The orc priest invokes the aid of Beogh against you.
Beogh smites you!
You die...

#. #. #. #. ##.##
##########
##...###....>...#
#..og.##.######.#
.####.o@###.# #.#
......o.....# #.#
######.###### #.# #.
#.## ##+# #..##
##...## #.#.#
##.....## ####.##
##.......## ##.##.#
.##.........####...#.#


You could see an orc priest, 2 orcs and a hobgoblin.

Vanquished Creatures
  An ooze (D:1)
  2 dart slugs (D:1)
  An orc (D:2)
  3 bats (D:1)
  2 goblins (D:1)
  2 hobgoblins (D:1)
  2 ball pythons (D:1)
  A frilled lizard (D:1)
  3 kobolds (D:1)
  2 rats (D:1)
19 creatures vanquished.

Notes
Turn   | Place    | Note
-------+----------+-------------------------------------------
     0 | D:1      | xccam the Formicid Fighter began the quest for the Orb.
     0 | D:1      | Reached XP level 1. HP: 18/18 MP: 1/1
   120 | D:1      | Reached XP level 2. HP: 23/24 MP: 2/2
   358 | D:1      | Reached XP level 3. HP: 29/29 MP: 3/3
   648 | D:2      | Killed from afar by an orc priest

Vault maps used:
D:1:      matt_arrival_spirals, minmay_misc_feat_chi, hex_medium,
          minmay_misc_feat_iff
D:2:      chequers_ecumenical_altar_simple_redux, lemuel_tele_altar

Skill      XL: |  1  2 |
---------------+-------+-----
Long Blades    | 3 |  3.5
Fighting       | |  3.2
Armour         | |  3.2
Shields        | |  3.6

Action                   || total
-------------------------++-------
Melee: Long sword        ||    71
Armor: Scale mail        ||    46
Dodge: Dodged            ||    27
Block: Shield            ||    58
       Rpst.: Long sword ||     6

Table legend:
 A = Spawn XP
 B = Non-spawn XP
 C = Spawn XP percentage of total XP
 D = Spawn monster count
 E = Non-spawn monster count
 F = Spawn count percentage of total count
 G = Total turns spent on level
                    A         B        C        D         E        F      G
               +---------+---------+-------+---------+---------+-------+---------
         Total |       0 |      40 |   0.0 |       0 |      19 |   0.0 |   648
               +---------+---------+-------+---------+---------+-------+---------
           D:1 |       0 |      37 |   0.0 |       0 |      18 |   0.0 |   542
           D:2 |       0 |       3 |   0.0 |       0 |       1 |   0.0 |   106
               +---------+---------+-------+---------+---------+-------+---------
